 Dungeon Crawl Stone Soup version 0.19-a0-157-gbc558dc (webtiles) character file.

4 Duffy the Chiller (level 1, -1/15 HPs)
             Began as a Naga Ice Elementalist on May 21, 2016.
             Slain by an ooze (5 damage)
             ... on level 1 of the Dungeon.
             The game lasted 00:00:49 (293 turns).

Duffy the Chiller (Naga Ice Elementalist)            Turns: 293, Time: 00:00:49

Health: -1/15      AC:  1    Str: 10    XL:     1   Next: 70%
Magic:  0/3        EV: 10    Int: 15    God:
Gold:   0          SH:  0    Dex: 11    Spells: 1 memorised, 3 levels left

rFire  . . .     SeeInvis +     j - +0 dagger
rCold  . . .     Gourm    .     a - +0 robe
rNeg   . . .     Faith    .     (no shield)
rPois  +         Spirit   .     (no helmet)
rElec  .         Dismiss  .     (no cloak)
rCorr  .         Reflect  .     (no gloves)
SustAt .         Harm     .     (no barding)
MR     .....                    (no amulet)
Stlth  ++........               (no ring)
                                (no ring)

@: short of breath, very slow, not resistant to hostile enchantments, unstealthy
A: see invisible, deformed body, poison resistance, slowness 2, slow metabolism
1, spit poison 2, AC +0
a: Spit Poison


You were on level 1 of the Dungeon.
You were not hungry.

You visited 1 branch of the dungeon, and saw 1 of its levels.


Innate Abilities, Weirdness & Mutations

You cannot wear boots.
Your serpentine skin is tough (AC +0).
You have supernaturally acute eyesight.
Armour fits poorly on your strangely shaped body.
Your system is resistant to poisons.
You cover ground very slowly.
You have a slow metabolism.
You can spit poison.


   Skills:
 - Level 1.5 Dodging
 - Level 3.0 Stealth
 - Level 2.0 Spellcasting
   Level 1.0 Conjurations
 + Level 3.3 Ice Magic


You had 3 spell levels left.
You knew the following spells:

 Your Spells              Type           Power        Failure   Level  Hunger
a - Freeze                Ice            ##..         8%          1    #......

Inventory:

Hand Weapons
 j - a +0 dagger (weapon)
Armour
 a - a +0 robe (worn)
Scrolls
 d - a scroll of immolation {unknown}
 g - a scroll of enchant armour {unknown}
Potions
 e - a potion of flight {unknown}
 h - a potion of haste {unknown}
 i - a potion of brilliance {unknown}
 k - a potion of agility {unknown}
Books
 b - a book of Frost
Comestibles
 c - a bread ration
 f - a meat ration

Dungeon Overview and Level Annotations

Branches:
Dungeon (1/15)

Altars:


Message History

You kill the goblin!
You feel slightly more hungry.
You have got your breath back.
Things that are here:
a dagger; a goblin corpse
j - a dagger Wield which item (- for none, * to show all)? (? for menu, Esc to quit)
j - a +0 dagger (weapon)
k - a golden potion An ooze comes into view.
The ooze quivers.
The ooze hits you.
Cast which spell? (? or * to list)
Aiming: Freeze
Press: ? - help, Shift-Dir - straight line, f - ooze
Aim: an ooze You freeze the ooze.
The ooze is moderately wounded.
The ooze completely misses you.
Cast which spell? (? or * to list)
Aiming: Freeze
Press: ? - help, Shift-Dir - straight line, f/p - ooze
Aim: an ooze (moderately wounded)
You freeze the ooze.
The ooze is heavily wounded.
The ooze hits you.
Cast which spell? (? or * to list)
Aiming: Freeze
Press: ? - help, Shift-Dir - straight line, f/p - ooze
Aim: an ooze (heavily wounded)
You freeze the ooze.
The ooze is severely wounded.
The ooze hits you.
Cast which spell? (? or * to list)
You don't have enough magic to cast that spell.
Use which ability? (? or * to list)
Press: ? - help, Shift-Dir - straight line, f/p - ooze
Aim: an ooze (severely wounded)
The splash of poison hits the ooze.
The ooze is almost dead.
You feel slightly more hungry. The ooze closely misses you.
The ooze misses you.
You have got your breath back.
Use which ability? (? or * to list)
Press: ? - help, Shift-Dir - straight line, f/p - ooze
Aim: an ooze (almost dead)
The splash of poison hits the ooze.
The ooze is almost dead.
You feel slightly more hungry. The ooze hits you.
You die...

##### ...# ###
..... #..#...
.....!...#.###
......#......#
...........#.###
.. #.##.#.#.#
##.#.##.....#
.#....J......#
#.......@.....#
#########.....#
## ####.....#
..# #.......##
#.. #####....#
#.# ## #####.###
.# .#
##.##.#.....# ##
#.#
#.......#.#.#
.###.#
#.........#.#


You could see an ooze.

Action                   || total
-------------------------++-------
 Cast: Freeze            ||     9
 Abil: Spit Poison       ||     5
Armor: Robe              ||     1
Dodge: Dodged            ||     7

Notes
Turn   | Place    | Note
--------------------------------------------------------------
     0 | D:1      | Duffy the Naga Ice Elementalist began the quest for the Orb.
     0 | D:1      | Reached XP level 1. HP: 15/15 MP: 3/3
   293 | D:1      | Slain by an ooze

Vault maps used:
D:1:      minmay_arrival_diagonal_passages, minmay_vboxes

Vanquished Creatures
  2 goblins
  A bat
  2 giant newts
  A rat
6 creatures vanquished.
